 Dungeon Crawl Stone Soup version 0.30-a0-600-gb7c8574cbb (webtiles) character file.

Game seed: 4582253579757243889

329848 Opifex the Phalangite (level 20, -1/152 (156) HPs)
             Began as a Demonspawn Fighter on Jan 6, 2023.
             Was the Champion of Cheibriados.
             Slain by a +6 glaive of distortion (4 damage)
             ... animated by Zenata
             ... on level 3 of the Vaults on Jan 7, 2023.
             The game lasted 01:41:23 (35797 turns).

Opifex the Phalangite (Demonspawn Fighter)         Turns: 35797, Time: 01:41:24

HP:   -1/152 (156)  AC: 34    Str: 44    XL:     20   Next: 83%
MP:   23/30         EV: 33    Int: 32    God:    Cheibriados [******]
Gold: 3635          SH:  9    Dex: 36    Spells: 19/19 levels left

rFire   + + .      SeeInvis .    N - +13 scythe of Curses {drain, Drain}
rCold   x . .      Faith    .    (shield currently unavailable)
rNeg    + + .      Spirit   .    l - +3 ring mail of the Morning Star {rElec Int+2 Dex+3 Stlth+}
rPois   +          Reflect  +    (helmet unavailable)
rElec   +          Harm     .    H - scarf {repulsion}
rCorr   +          Rampage  .    V - +2 pair of gloves
Will    ++...                    F - +2 pair of boots {Fly}
Stlth   +++++++                  P - amulet of the Prince of Darkness {Reflect Fragile rF+ rN+ Str+3 SH+5}
HPRegen 0.45/turn                R - ring of Kopuek {rPois rF+ rC- rN+ EV+5 Str+2}
MPRegen 0.22/turn                I - ring of the Modern Invaders {Will+ rCorr Str+3 Dex+4}

@: sanguine armoured, flying, studying 2 skills, lightly drained, repel
missiles, very slow
A: horns 3, icemail 2, spiny 3, sanguine armour 2, condensation shield, fangs 1,
clever 1, high MP 1
}: 2/15 runes: decaying, serpentine
a: Renounce Religion, Bend Time, Temporal Distortion, Slouch, Step From Time


You were on level 3 of the Vaults.
You worshipped Cheibriados.
Cheibriados was exalted by your worship.
You visited 8 branches of the dungeon, and saw 37 of its levels.
You visited the Abyss 1 time.
You also visited: Trove, Bailey, Gauntlet and Desolation.

You collected 5228 gold pieces.
You spent 1593 gold pieces at shops.

Inventory:

Hand Weapons
 a - a +1 war axe
 j - the +9 spear of Moderation {heavy, rC+++ rCorr}
   (You found it on level 4 of the Dungeon)

   rC:        It renders you almost immune to cold.
   rCorr:     It protects you from acid and corrosion.
 N - the +13 scythe of Curses (weapon) {drain, Drain}
   (You found it on level 2 of the Swamp)

   It inflicts powerful necromantic curses on any living foe it strikes.
   Drain:     It drains your maximum health when unequipped.
Missiles
 A - 6 throwing nets (quivered)
Armour
 l - the +3 ring mail of the Morning Star (worn) {rElec Int+2 Dex+3 Stlth+}
   (You found it on level 2 of the Dungeon)

   Int:       It affects your intelligence (+2).
   Dex:       It affects your dexterity (+3).
   rElec:     It insulates you from electricity.
   Stlth:     It makes you more stealthy.
 F - a +2 pair of boots of flying (worn)
 H - a scarf of repulsion (worn)
 S - a +4 tower shield of protection
 V - a +2 pair of gloves (worn)
Jewellery
 c - a ring of see invisible
 e - a ring of resist corrosion
 B - a ring of protection from fire
 I - the ring of the Modern Invaders (right hand) {Will+ rCorr Str+3 Dex+4}
   (You found it in the Desolation of Salt)

   [ring of resist corrosion]

   Str:       It affects your strength (+3).
   Dex:       It affects your dexterity (+4).
   rCorr:     It protects you from acid and corrosion.
   Will:      It increases your willpower.
 O - an amulet of regeneration
 P - the amulet of the Prince of Darkness (around neck) {Reflect Fragile rF+ rN+ Str+3 SH+5}
   (You found it in a treasure trove)

   [amulet of reflection]

   It reflects blocked missile attacks.
   Str:       It affects your strength (+3).
   rF:        It protects you from fire.
   rN:        It protects you from negative energy.
   Fragile:   It will be destroyed if unequipped.
   SH:        It affects your SH (+5).
 Q - a ring of flight
 R - the ring of Kopuek (left hand) {rPois rF+ rC- rN+ EV+5 Str+2}
   (You took it off a minotaur in a Gauntlet)

   [ring of evasion]

   EV:        It affects your evasion (+5).
   Str:       It affects your strength (+2).
   rF:        It protects you from fire.
   rC:        It makes you vulnerable to cold.
   rPois:     It protects you from poison.
   rN:        It protects you from negative energy.
Wands
 n - a wand of digging (3)
 p - a wand of roots (39)
 C - a wand of polymorph (12)
 E - a wand of paralysis (40)
 J - a wand of light (25)
 M - a wand of flame (123)
Scrolls
 b - 5 scrolls of enchant armour
 q - 10 scrolls of blinking
 t - 6 scrolls of fog
 u - 17 scrolls of teleportation
 w - 6 scrolls of enchant weapon
 y - 20 scrolls of identify
 z - 4 scrolls of poison
 G - 10 scrolls of magic mapping
 K - 3 scrolls of butterflies
 L - 5 scrolls of immolation
 T - 3 scrolls of brand weapon
 W - 4 scrolls of silence
Potions
 d - 9 potions of might
 f - 26 potions of curing
 h - 9 potions of mutation
 i - 11 potions of heal wounds
 k - 12 potions of flight
 m - 2 potions of cancellation
 o - 13 potions of attraction
 r - 10 potions of ambrosia
 s - 4 potions of invisibility
 v - 3 potions of berserk rage
 x - 3 potions of resistance
 U - 4 potions of lignification
Miscellaneous
 D - a phantom mirror


   Skills:
 + Level 13.3 Fighting
 + Level 3.9(14.5) Axes
 * Level 21.3(21.4) Polearms
 + Level 10.7 Armour
 + Level 12.9 Dodging
 + Level 13.3 Stealth
 + Level 16.0 Shields
 + Level 10.1 Invocations


You had 19 spell levels left.
You didn't know any spells.
Your spell library contained the following spells:

 Spells                   Type           Power      Damage    Failure   Level
 Apportation              Tloc           0%         N/A       10%         1
 Beastly Appendage        Tmut           0%         N/A       10%         1
 Freeze                   Ice            0%         1d3       10%         1
 Kiss of Death            Conj/Necr      0%         2d5       10%         1
 Magic Dart               Conj           0%         1d3       10%         1
 Sandblast                Erth           0%         2d4       10%         1
 Sting                    Tmut/Pois      0%         1d3       10%         1
 Summon Small Mammal      Summ           0%         N/A       10%         1
 Call Imp                 Summ           0%         N/A       16%         2
 Cigotuvi's Dreadful Rot  Necr/Pois/Air  0%         N/A       16%         2
 Passwall                 Tmut/Erth      0%         N/A       16%         2
 Poisonous Vapours        Pois/Air       0%         N/A       16%         2
 Searing Ray              Conj           0%         2d4       16%         2
 Wereblood                Tmut           0%         N/A       16%         2
 Call Canine Familiar     Summ           0%         N/A       30%         3
 Confusing Touch          Hex            0%         N/A       30%         3
 Dazzling Flash           Conj/Hex       0%         N/A       30%         3
 Frozen Ramparts          Ice            0%         1d1       30%         3
 Hailstorm                Conj/Ice       0%         3d3       30%         3
 Ignite Poison            Fire/Tmut/Pois 0%         N/A       30%         3
 Mephitic Cloud           Conj/Pois/Air  0%         N/A       30%         3
 Spider Form              Tmut/Pois      0%         N/A       30%         3
 Stone Arrow              Conj/Erth      0%         3d7       30%         3
 Summon Guardian Golem    Hex/Summ       0%         N/A       30%         3
 Vhi's Electric Charge    Tloc/Air       0%         N/A       30%         3
 Animate Armour           Summ/Erth      0%         N/A       69%         4
 Dispel Undead            Necr           0%         3d6       69%         4
 Fulminant Prism          Conj/Hex       0%         3d5       69%         4
 Ice Form                 Ice/Tmut       0%         N/A       69%         4
 Leda's Liquefaction      Hex/Erth       0%         N/A       69%         4
 Manifold Assault         Tloc           0%         N/A       69%         4
 Olgreb's Toxic Radiance  Pois           0%         N/A       69%         4
 Sticky Flame             Conj/Fire      0%         2d3       69%         4
 Summon Ice Beast         Ice/Summ       0%         N/A       69%         4
 Agony                    Necr           0%         N/A       95%         5
 Alistair's Intoxication  Tmut/Pois      0%         N/A       95%         5
 Borgnjor's Vile Clutch   Necr/Erth      0%         N/A       95%         5
 Lee's Rapid Deconstruct  Erth           0%         3d4*      95%         5
 Silence                  Hex/Air        0%         N/A       95%         5
 Summon Forest            Summ/Tloc      0%         N/A       95%         5
 Death Channel            Necr           0%         N/A       100%        6
 Dispersal                Tloc           0%         N/A       100%        6
 Eringya's Noxious Bog    Tmut/Pois      0%         N/A       100%        6
 Statue Form              Tmut/Erth      0%         N/A       100%        6
 Dragon Form              Tmut           0%         N/A       100%        7
 Ozocubu's Refrigeration  Ice            0%         4d7       100%        7
 Borgnjor's Revivificati  Necr           0%         N/A       100%        8
 Disjunction              Tloc           0%         N/A       100%        8
 Ignition                 Fire           0%         3d3       100%        8
 Lehudib's Crystal Spear  Conj/Erth      0%         10d2      100%        8
 Necromutation            Tmut/Necr      0%         N/A       100%        8
 Chain Lightning          Conj/Air       0%         N/A       100%        9
 Death's Door             Necr           0%         N/A       100%        9
 Fire Storm               Conj/Fire      0%         5d1       100%        9
 Shatter                  Erth           0%         3d5*      100%        9


Dungeon Overview and Level Annotations

Branches:
Dungeon (15/15)            Temple (1/1) D:5            Lair (5/5) D:10
  Swamp (4/4) Lair:3        Snake (4/4) Lair:3        Slime (0/5) Lair:4
    Orc (2/2) D:12            Elf (3/3) Orc:2        Vaults (3/5) D:14
  Crypt (0/3) Vaults:2     Depths (0/4) D:15         Bailey (visited)
Desolation (visited)      Gauntlet (visited)

Altars:
Ashenzari
Cheibriados
Dithmenos
Fedhas
Gozag
Hepliaklqana
Kikubaaqudgha
Makhleb
Nemelex Xobeh
Okawaru
Qazlal
Ru
Sif Muna
Trog
Uskayaw
Vehumet
Wu Jian
Xom
Yredelemnul

Shops:
D:2 [   D:3 ?   D:9 :   D:15 ?   Orc:2 !=?=   Elf:1 [   Elf:2 ::   Elf:3 =
Snake:1 =:=   Snake:2 *   Vaults:2 *   Vaults:3 [

Annotations:
D:13 1 runed translucent door
Snake:1 3 runed translucent doors, exclusion: obsidian statue, Omax's ghost, adept DsEE
Elf:2 3 runed translucent doors
Vaults:3 Zenata


Innate Abilities, Weirdness & Mutations

You have a pair of large horns on your head.
A meltable icy envelope protects you from harm. (AC +8)
You are completely covered in sharp spines.
When seriously injured, your blood forms thick armour. (AC +9)
A meltable shield of frost defends you. (SH +4)
You have very sharp teeth.
Your mind is acute. (Int +4, Str/Dex -1)
You have an increased reservoir of magic. (+10% MP)


Message History

The +1 halberd of protection closely misses you.
Zenata gestures, and weapons take to the air!
The +0 heavy flail is struck by your spines.
The +0 heavy flail hits you but does no damage.
You block the +3 short sword's attack.
The +0 dire flail of draining is struck by your spines.
The +0 dire flail of draining hits you.
* * * LOW HITPOINT WARNING * * *
You partially resist.
You chop Zenata into pieces!!!
Zenata looks incredibly listless.
Zenata seems to slow down.
Zenata is almost dead.
The +3 short sword disappears in a puff of smoke!
The +0 dire flail of draining disappears in a puff of smoke!
The +1 halberd of protection hits you but does no damage.
The +0 scimitar of holy wrath is struck by your spines.
The +0 scimitar of holy wrath hits you but does no damage.
The +0 heavy flail closely misses you.
You block the +1 halberd of protection's attack.
You block the +6 glaive of distortion's attack.
The +0 scimitar of holy wrath is struck by your spines.
You destroy the +0 scimitar of holy wrath!
The +0 scimitar of holy wrath disappears in a puff of smoke!
The +2 heavy hand axe hits you but does no damage.
Zenata is struck by your spines. Zenata barely misses you.
You hit Zenata but do no damage. Your headbutt misses Zenata.
You bite Zenata, but do no damage.
Zenata is almost dead.
The +0 heavy flail is struck by your spines.
You destroy the +0 heavy flail!
The +0 heavy flail disappears in a puff of smoke!
The +1 halberd of protection misses you.
You block the +2 heavy hand axe's attack.
The +6 glaive of distortion completely misses you.
You block the +2 heavy hand axe's attack.
The +1 halberd of protection closely misses you.
The +6 glaive of distortion hits you from afar!
* * * LOW HITPOINT WARNING * * *
Space warps around you.
You die...

........†..........
#...................
#...........########
#...........#
#.........?.#
#...........#
#.((........#
#..a(.......#
#.§@(.......#
#...§.......#
#..######## #.. #..
#.. #.. #..


You could see Zenata (empowered, slow, drained) and 4 dancing weapons.

Vanquished Creatures
  Bai Suzhen (Elf:3)
  Nikola (Swamp:4)
  2 bone dragons
  A hellephant (Abyss:3)
  2 deep elf blademasters (Elf:3)
  Jorgrun (D:15)
  2 deep elf master archers (Elf:3)
  A tentacled monstrosity (Swamp:4)
  A tentacled starspawn (Abyss:3)
  Frances (Elf:1)
  Kirke (Elf:1)
  A thorn hunter (Swamp:4)
  A shadow dragon (Vaults:2)
  10 nagarajas
  3 fenstrider witches
  A revenant (Vaults:2)
  5 deep elf sorcerers (Elf:3)
  2 imperial myrmidons (Desolation)
  5 vault wardens
  Louise (D:15)
  2 orc warlords
  5 deep elf elementalists
  2 war gargoyles (Vaults:3)
  4 ironbound preservers
  6 very ugly things
  2 ironbound thunderhulks
  5 deep elf demonologists (Elf:3)
  7 eleionomae
  A vampire knight (Vaults:2)
  Nessos (D:13)
  4 deep elf annihilators (Elf:3)
  14 dire elephants
  3 bunyips
  Azrael (D:12)
  A minotaur (Gauntlet)
  5 deep elf death magi (Elf:3)
  5 crystal guardians
  7 ragged hierophants (Desolation)
  3 yaktaur captains
  Josephine (D:15)
  A shambling mangrove (Swamp:4)
  The ghost of Buenu the Severer, a journeyman HOFi of Qazlal (Lair:1)
  3 deep elf high priests
  6 great orbs of eyes
  2 rakshasas
  A salamander tyrant (Snake:2)
  9 hydras
  10 peacekeepers
  2 ironbound frosthearts (Vaults:1)
  6 servants of whispers (Desolation)
  3 vault guards
  Erolcha (D:13)
  Harold (Lair:1)
  6 boulder beetles
  20 centaur warriors
  2 catoblepae
  A death knight (D:15)
  5 ghost crabs
  18 dancing weapons
  7 anacondas
  6 thrashing horrors (Abyss:3)
  A two-headed ogre (shapeshifter) (Elf:2)
  5 two-headed ogres
  12 alligators
  16 naga warriors
  Urug (Lair:1)
  4 tengu warriors
  A deep troll shaman (Lair:5)
  4 death yaks
  Sonja (D:12)
  6 deep elf knights
  9 orc high priests (Orc:2)
  9 shock serpents
  12 naga sharpshooters
  A sixfirhy (Abyss:3)
  Amaemon (Lair:2)
  2 fire crabs (Lair:3)
  2 wretched stars (Abyss:3)
  4 salamander mystics
  9 goliath frogs
  5 skeletal warriors (D:15)
  4 sea snakes (Snake:1)
  3 swamp dragons
  8 deep trolls (Vaults:3)
  A spatial maelstrom (Abyss:3)
  7 spriggan druids
  3 spectral hydras (Swamp:4)
  A flayed ghost (D:15)
  10 bog bodies
  4 naga ritualists
  9 deep elf archers
  4 lindwurms
  21 deep elf zephyrmancers
  4 wizards
  12 ironbound convokers
  2 large abominations (Abyss:3)
  5 orc knights
  7 mana vipers
  An oklob plant (Lair:2)
  A necromancer (Swamp:1)
  6 cyclopes
  2 phantasmal warriors
  19 deep elf pyromancers
  A wolf spider (D:15)
  2 orc sorcerers (Orc:2)
  15 ugly things
  5 manticores
  A worldbinder (Abyss:3)
  3 will-o-the-wisps
  A moth of wrath (Gauntlet)
  11 salamanders
  9 elephants (Lair:5)
  3 guardian serpents
  37 black mambas
  16 naga magi
  A molten gargoyle (Desolation)
  6 vault sentinels
  A demonic crawler (Abyss:3)
  9 cane toads
  An orange demon (Lair:2)
  12 komodo dragons
  A rime drake (Lair:3)
  A kobold demonologist (D:9)
  3 freezing wraiths
  A yaktaur (shapeshifter) (D:15)
  13 yaktaurs
  2 tengu conjurers (D:13)
  3 swamp worm zombies (Swamp:4)
  3 unseen horrors
  An ancient zyme (Abyss:3)
  2 polar bears (Lair:5)
  6 meliai
  A queen bee (Orc:1)
  3 trolls
  2 hydra zombies (Swamp:4)
  A bloated husk (Swamp:4)
  10 hornets
  A wind drake (shapeshifter) (Elf:1)
  51 saltlings (Desolation)
  8 blink frogs
  4 tyrant leeches
  2 spectral swamp dragons (Swamp:4)
  A raiju (Abyss:3)
  An alligator zombie (Swamp:4)
  A centaur simulacrum (D:14)
  A jumping spider (shapeshifter) (D:14)
  A water elemental (Elf:1)
  34 slime creatures
  2 vampires
  11 spriggans
  8 wraiths
  A flying skull (Vaults:2)
  3 air elementals
  2 wyverns (Lair:2)
  7 basilisks
  A neqoxec (Abyss:3)
  41 yaks
  A human (shapeshifter) (D:15)
  11 wargs
  4 fire elementals
  6 small abominations (Abyss:3)
  A chaos spawn (Abyss:3)
  2 spatial vortices (Abyss:3)
  12 swamp worms
  2 vampire mosquitoes (Swamp:2)
  53 nagas
  4 redbacks (Gauntlet)
  3 steam dragons
  2 acid dragons
  A naga (shapeshifter) (D:15)
  2 hell hounds (D:12)
  14 water moccasins
  Duvessa (D:4)
  27 orc warriors
  A sky beast (D:8)
  An ice beast (D:7)
  A swamp drake (Swamp:1)
  3 black bears
  8 ogres
  5 swamp dragon zombies (Swamp:4)
  10 wolves
  14 centaurs
  3 phantoms (Swamp:4)
  2 kobold brigands (D:9)
  12 bullfrogs
  A gnoll sergeant (D:12)
  4 scorpions
  2 earth elementals
  3 wights (D:8)
  Dowan (D:4)
  37 killer bees
  6 electric eels
  3 howler monkeys
  5 hounds
  6 jellies
  3 gnoll boudas
  40 orc priests
  Crazy Yiuf (D:4)
  Ijyb (D:4)
  An iguana (D:6)
  21 orc wizards
  A hell rat (Lair:3)
  A spectral swamp drake (Swamp:4)
  Robin (D:4)
  17 gnolls
  5 adders
  3 shadow imps
  A white imp (D:8)
  An ufetubus (D:6)
  A worm (D:2)
  3 dart slugs
  109 orcs
  4 ball pythons
  3 bats
  5 endoplasms
  3 giant cockroaches
  16 goblins
  10 hobgoblins
  7 jackals (D:1)
  2 quokkas
  10 frilled lizards
  12 kobolds
  4 rats
1400 creatures vanquished.

Vanquished Creatures (others)
  A deep elf annihilator (Elf:3)
  A ghost crab (Swamp:4)
  A naga warrior (Snake:4)
  A spectral hydra (Swamp:4)
  An oklob plant (Swamp:4)
  Maurice (D:13)
  8 bloated husks
  An alligator zombie (Swamp:4)
  A spectral swamp dragon (Swamp:4)
  A phantom (Swamp:4)
  An orc wizard (D:9)
  19 demonic plants (Gauntlet)
  6 foxfires (Swamp:3)
  18 fungi
  A pillar of salt (Vaults:2)
  36 plants
  2 starspawn tentacles (Abyss:3)
100 creatures vanquished.

Grand Total: 1500 creatures vanquished

Notes
Turn   | Place    | Note
-------+----------+-------------------------------------------
     0 | D:1      | Opifex the Demonspawn Fighter began the quest for the Orb.
     0 | D:1      | Reached XP level 1. HP: 18/18 MP: 1/1
    20 | D:1      | Gained mutation: You have a pair of small horns on your
                  | head. [demonic ancestry]
    20 | D:1      | Reached XP level 2. HP: 23/24 MP: 2/2
    93 | D:1      | Reached XP level 3. HP: 26/29 MP: 3/3
   643 | D:2      | Identified the +3 ring mail of the Morning Star {rElec
                  | Int+2 Dex+3 Stlth+}
   735 | D:2      | Gained mutation: A meltable shield of frost defends you.
                  | (SH +4) [demonic ancestry]
   735 | D:2      | Reached XP level 4. HP: 35/35 MP: 4/4
   748 | D:2      | Found Xeesuduk's Armour Emporium.
  1227 | D:3      | Found Woet's Magic Scroll Shop.
  1236 | D:3      | Bought a scroll of identify for 22 gold pieces
  1236 | D:3      | Bought a scroll of identify for 22 gold pieces
  1498 | D:3      | Found a hide-covered altar of Uskayaw.
  1594 | D:3      | Found an opulent altar of Gozag.
  1874 | D:4      | Noticed Robin
  1886 | D:4      | Killed Robin
  2021 | D:4      | Identified the +9 spear of Moderation {heavy, rC+++ rCorr}
  2031 | D:4      | Noticed Duvessa
  2031 | D:4      | Noticed Dowan
  2042 | D:4      | Killed Duvessa
  2043 | D:4      | Gained mutation: You have a pair of horns on your head.
                  | [demonic ancestry]
  2043 | D:4      | Reached XP level 5. HP: 17/42 MP: 5/5
  2045 | D:4      | Killed Dowan
  2046 | D:4      | Reached XP level 6. HP: 15/48 MP: 6/6
  2184 | D:4      | Found a radiant altar of Vehumet.
  2211 | D:4      | Reached skill level 1 in Dodging
  2211 | D:4      | Reached skill level 1 in Stealth
  2329 | D:4      | Found a runed translucent door.
  2330 | D:4      | Noticed Crazy Yiuf
  2337 | D:4      | Killed Crazy Yiuf
  2339 | D:4      | Identified the +9 hammer "Bygiq Firph" {heavy, Fly rF+
                  | Dex-4}
  2397 | D:4      | Reached skill level 1 in Polearms
  2626 | D:4      | Noticed Ijyb
  2627 | D:4      | Paralysed by Ijyb for 4 turns
  2634 | D:4      | Paralysed by Ijyb for 3 turns
  2643 | D:4      | Killed Ijyb
  2881 | D:4      | Gained mutation: When seriously injured, your blood forms
                  | armour. (AC +9) [demonic ancestry]
  2881 | D:4      | Reached XP level 7. HP: 54/54 MP: 7/7
  2886 | D:5      | Entered Level 5 of the Dungeon
  2894 | D:5      | Reached skill level 2 in Polearms
  3127 | D:5      | Reached skill level 3 in Polearms
  3153 | D:5      | Found a sparkling altar of Nemelex Xobeh.
  3302 | D:5      | Gained mutation: You have a pair of large horns on your
                  | head. [demonic ancestry]
  3302 | D:5      | Reached XP level 8. HP: 52/61 MP: 8/8
  3394 | D:5      | Found a hazy altar of Hepliaklqana.
  3447 | D:5      | Found a stormy altar of Qazlal.
  3463 | D:5      | HP: 3/61 [poisoned by a water moccasin]
  3712 | D:5      | Found a broken altar of Ashenzari.
  3787 | D:5      | Found a staircase to the Ecumenical Temple.
  3888 | Temple   | Entered the Ecumenical Temple
  3900 | Temple   | Became a worshipper of Cheibriados the Contemplative
  4079 | D:6      | Found a sacrificial altar of Ru.
  4081 | D:6      | Found an iron altar of Okawaru.
  4299 | D:6      | Reached skill level 4 in Polearms
  4516 | D:6      | Reached skill level 5 in Shields
  4520 | D:6      | Reached skill level 5 in Armour
  4525 | D:6      | Reached * piety under Cheibriados
  5010 | D:6      | Found an ancient bone altar of Kikubaaqudgha.
  5251 | D:7      | Reached skill level 5 in Fighting
  5385 | D:7      | Reached ** piety under Cheibriados
  5394 | D:7      | Found a flagged portal.
  5491 | Bailey   | Entered a bailey
  5531 | Bailey   | Gained mutation: A meltable icy envelope protects you from
                  | harm. (AC +8) [demonic ancestry]
  5531 | Bailey   | Reached XP level 9. HP: 41/68 MP: 9/9
  5857 | Bailey   | Reached skill level 5 in Polearms
  5998 | Bailey   | Reached *** piety under Cheibriados
  6417 | Bailey   | Acquired 818 gold pieces
  6561 | D:7      | Noticed a troll
  6568 | D:7      | Killed a troll
  6569 | D:7      | Reached skill level 6 in Polearms
  6926 | D:7      | Found a bloodstained altar of Trog.
  7135 | D:7      | Gained mutation: You are partially covered in sharp spines.
                  | [demonic ancestry]
  7135 | D:7      | Reached XP level 10. HP: 61/76 MP: 8/10
  7172 | D:8      | Reached **** piety under Cheibriados
  7278 | D:8      | Reached skill level 1 in Invocations
  7896 | D:2      | Bought a +2 pair of boots of flying for 258 gold pieces
  7896 | D:2      | Bought a scarf of repulsion for 144 gold pieces
  8176 | D:9      | Reached skill level 7 in Polearms
  8198 | D:9      | Reached ***** piety under Cheibriados
  8487 | D:9      | Found Cinnot's Book Boutique.
  8839 | D:10     | Entered Level 10 of the Dungeon
  9291 | D:10     | Reached XP level 11. HP: 83/83 MP: 12/12
  9336 | D:10     | Found a staircase to the Lair.
  9492 | D:10     | Noticed a two-headed ogre
  9501 | D:10     | Killed a two-headed ogre
  9502 | D:10     | Reached skill level 5 in Dodging
  9696 | D:10     | Noticed a two-headed ogre
  9702 | D:10     | Killed a two-headed ogre
 10245 | Lair:1   | Entered Level 1 of the Lair of Beasts
 10327 | Lair:1   | Reached skill level 5 in Stealth
 10342 | Lair:1   | Reached skill level 8 in Polearms
 10503 | Lair:1   | Found a runed translucent door.
 10512 | Lair:1   | Noticed Buenu's ghost (journeyman HOFi)
 10657 | Lair:1   | Noticed Harold
 10668 | Lair:1   | Killed Harold
 10746 | Lair:1   | Noticed Urug
 10756 | Lair:1   | Killed Urug
 11200 | Lair:1   | Killed Buenu's ghost
 11435 | Lair:2   | Noticed an oklob plant
 11464 | Lair:2   | Noticed Amaemon
 11477 | Lair:2   | Killed Amaemon
 11478 | Lair:2   | Gained mutation: A meltable icy envelope protects you from
                  | harm. (AC +8) [demonic ancestry]
 11478 | Lair:2   | Reached XP level 12. HP: 30/91 MP: 14/14
 11959 | Lair:2   | Reached skill level 9 in Polearms
 12729 | Lair:3   | Found a staircase to the Swamp.
 12844 | Lair:3   | Noticed an alligator
 12854 | Lair:3   | Killed an alligator
 12855 | Lair:3   | Noticed a death yak
 13009 | Lair:3   | Killed a death yak
 13022 | Lair:3   | Noticed an anaconda
 13040 | Lair:3   | Killed an anaconda
 13440 | Lair:3   | Found a staircase to the Snake Pit.
 13456 | Lair:3   | Reached skill level 10 in Polearms
 13689 | Lair:4   | Noticed a catoblepas
 13703 | Lair:4   | Killed a catoblepas
 13704 | Lair:4   | Gained mutation: When seriously injured, your blood forms
                  | thick armour. (AC +9) [demonic ancestry]
 13704 | Lair:4   | Reached XP level 13. HP: 78/98 MP: 15/15
 13740 | Lair:4   | Reached ****** piety under Cheibriados
 14058 | Lair:4   | Found a staircase to the Slime Pits.
 14387 | Lair:5   | Entered Level 5 of the Lair of Beasts
 14437 | Lair:5   | Reached skill level 10 in Shields
 14624 | Lair:5   | Found an ancient bone altar of Kikubaaqudgha.
 14685 | Lair:5   | Reached skill level 5 in Invocations
 15287 | Lair:5   | Noticed a dire elephant
 15310 | Lair:5   | Killed a dire elephant
 15958 | D:11     | Reached XP level 14. HP: 106/106 MP: 18/18
 16371 | D:12     | Noticed Sonja
 16390 | D:12     | Killed Sonja
 16409 | D:12     | Found a gate leading to a gauntlet.
 16416 | Gauntlet | Entered a Gauntlet
 16416 | Gauntlet | Found a large runed translucent door.
 16416 | Gauntlet | Found a large runed translucent door.
 16416 | Gauntlet | Found a large runed translucent door.
 16416 | Gauntlet | Found a large runed translucent door.
 16416 | Gauntlet | Found a large runed translucent door.
 16416 | Gauntlet | Found a large runed translucent door.
 16416 | Gauntlet | Found a large runed translucent door.
 16416 | Gauntlet | Found a large runed translucent door.
 16416 | Gauntlet | Found a runed translucent door.
 16416 | Gauntlet | Found a runed translucent gate.
 16416 | Gauntlet | Found a transporter.
 16416 | Gauntlet | Found a transporter.
 16416 | Gauntlet | Found a runed translucent gate.
 16416 | Gauntlet | Found a transporter.
 16420 | Gauntlet | Found a transporter.
 16421 | Gauntlet | Found a transporter.
 16425 | Gauntlet | Found a runed translucent gate.
 16426 | Gauntlet | Found a large runed translucent door.
 16426 | Gauntlet | Found a large runed translucent door.
 16427 | Gauntlet | Found a large runed translucent door.
 16428 | Gauntlet | Found a large runed translucent door.
 16430 | Gauntlet | Found a transporter.
 16438 | Gauntlet | Found a transporter.
 16442 | Gauntlet | Found a transporter.
 16443 | Gauntlet | Found a transporter.
 16465 | Gauntlet | Found a transporter.
 16466 | Gauntlet | Found a transporter.
 16556 | Gauntlet | Identified the +0 cloak "Foipeo" {+Inv}
 16566 | Gauntlet | Reached skill level 11 in Polearms
 16601 | Gauntlet | Identified the ring of Viebb {Will- AC+4 Str+6 Dex+2}
 16618 | Gauntlet | Identified the +10 long sword of Harmony {flame, *Noise
                  | Fragile Int+2 Dex+5}
 16618 | Gauntlet | Identified the ring of Kopuek {rPois rF+ rC- rN+ EV+5
                  | Str+2}
 16941 | D:12     | Found a staircase to the Orcish Mines.
 17016 | D:12     | Noticed Azrael
 17031 | D:12     | Killed Azrael
 17540 | Orc:1    | Entered Level 1 of the Orcish Mines
 18013 | Orc:2    | Entered Level 2 of the Orcish Mines
 18416 | Orc:2    | Found Gerisun's Magic Scroll Emporium.
 18458 | Orc:2    | Bought a scroll of teleportation for 51 gold pieces
 18458 | Orc:2    | Bought a scroll of teleportation for 51 gold pieces
 18458 | Orc:2    | Bought a scroll of teleportation for 51 gold pieces
 18463 | Orc:2    | Found Zaikh's Jewellery Shop.
 18593 | Orc:2    | Noticed an orc warlord
 18606 | Orc:2    | Killed an orc warlord
 18680 | Orc:2    | Found a staircase to the Elven Halls.
 18716 | Orc:2    | Found Atwemiq's Jewellery Shop.
 18716 | Orc:2    | Found Kugukk's Distillery.
 18794 | Orc:2    | Bought a potion of curing for 39 gold pieces
 18794 | Orc:2    | Bought a potion of curing for 39 gold pieces
 18794 | Orc:2    | Bought a potion of curing for 39 gold pieces
 18794 | Orc:2    | Bought a potion of curing for 39 gold pieces
 18794 | Orc:2    | Bought a potion of heal wounds for 65 gold pieces
 18794 | Orc:2    | Bought a potion of heal wounds for 65 gold pieces
 18794 | Orc:2    | Bought a potion of heal wounds for 65 gold pieces
 19112 | D:13     | Upgraded the game from 0.30-a0-591-g3c58d2bc28 to
                  | 0.30-a0-600-gb7c8574cbb
 19131 | D:13     | Noticed Erolcha
 19141 | D:13     | Killed Erolcha
 19149 | D:13     | Noticed Maurice
 19165 | D:13     | Killed Maurice
 19190 | D:13     | Reached XP level 15. HP: 114/115 MP: 16/20
 19294 | D:13     | You are sucked into a shaft and drop 2 floors!
 19294 | D:15     | Entered Level 15 of the Dungeon
 19312 | D:15     | Found Mapemoed's Magic Scroll Shoppe.
 19316 | D:15     | Bought a scroll of brand weapon for 133 gold pieces
 19321 | D:15     | Identified the +0 war axe of the Whale {venom, rPois rC+
                  | Will+ Int+4}
 19341 | D:15     | Noticed Louise
 19375 | D:15     | Killed Louise
 19489 | D:15     | Noticed Jorgrun
 19506 | D:15     | Killed Jorgrun
 19635 | D:15     | Noticed Josephine
 19648 | D:15     | Killed Josephine
 19661 | D:15     | Reached skill level 10 in Fighting
 19779 | D:15     | Reached skill level 12 in Polearms
 20071 | D:15     | Found a staircase to the Depths.
 20807 | D:14     | Found a gate to the Vaults.
 20936 | D:13     | Identified the +10 falchion "Lirrad" {flame, rPois rN+}
 20982 | D:13     | Noticed Nessos
 20995 | D:13     | Killed Nessos
 21087 | D:13     | Noticed a fire giant
 21088 | D:13     | Found a runed translucent door.
 21090 | D:13     | Noticed a sphinx
 21090 | D:13     | Noticed a frost giant
 21090 | D:13     | Noticed a shadow dragon
 21090 | D:13     | Noticed a fire giant
 21446 | Swamp:1  | Entered Level 1 of the Swamp
 21656 | Swamp:1  | Reached skill level 10 in Dodging
 21738 | Swamp:1  | Noticed a fenstrider witch
 21750 | Swamp:1  | Killed a fenstrider witch
 22012 | Swamp:1  | Gained mutation: You are mostly covered in sharp spines.
                  | [demonic ancestry]
 22012 | Swamp:1  | Reached XP level 16. HP: 123/123 MP: 22/22
 22309 | Swamp:2  | Paralysed by a fenstrider witch for 3 turns
 22498 | Swamp:2  | Found the +13 scythe of Curses {drain, Drain}
 22634 | Swamp:3  | Reached skill level 10 in Stealth
 22888 | Swamp:3  | Reached skill level 15 in Shields
 23157 | Swamp:4  | Entered Level 4 of the Swamp
 23414 | Swamp:4  | Noticed a tentacled monstrosity
 23424 | Swamp:4  | Killed a tentacled monstrosity
 23531 | Swamp:4  | Noticed a thorn hunter
 23539 | Swamp:4  | Killed a thorn hunter
 23633 | Swamp:4  | Reached skill level 13 in Polearms
 23636 | Swamp:4  | Reached skill level 10 in Armour
 23798 | Swamp:4  | Noticed Nikola
 23802 | Swamp:4  | Killed Nikola
 23815 | Swamp:4  | Noticed a bone dragon
 23824 | Swamp:4  | Killed a bone dragon
 23921 | Swamp:4  | Got a decaying rune of Zot
 24090 | Snake:1  | Entered Level 1 of the Snake Pit
 24137 | Snake:1  | Reached XP level 17. HP: 130/130 MP: 23/23
 24167 | Snake:1  | Found a runed translucent gate.
 24168 | Snake:1  | Found a runed translucent gate.
 24168 | Snake:1  | Found a runed translucent gate.
 24168 | Snake:1  | Found an opulent altar of Gozag.
 24176 | Snake:1  | Noticed Omax's ghost (adept DsEE)
 24227 | Snake:1  | Identified the +1 ring mail of Ziuz Miu {rC- rN++ Will-
                  | Regen+}
 24450 | Snake:1  | Reached skill level 14 in Polearms
 24696 | Snake:1  | Found Fayqy's Jewellery Shoppe.
 24696 | Snake:1  | Found Laijar's Book Shop.
 24697 | Snake:1  | Found Nuinozoy's Jewellery Shoppe.
 25074 | Snake:2  | Found a stormy altar of Qazlal.
 25464 | Snake:2  | Found Xecridau's Assorted Antiques.
 25502 | Snake:2  | Bought a scroll of blinking for 187 gold pieces
 26092 | Snake:3  | Reached skill level 15 in Polearms
 26643 | Snake:4  | Entered Level 4 of the Snake Pit
 26932 | Snake:4  | Reached XP level 18. HP: 138/138 MP: 24/24
 26975 | Snake:4  | Reached skill level 16 in Polearms
 27552 | Snake:4  | Got a serpentine rune of Zot
 27980 | Elf:1    | Entered Level 1 of the Elven Halls
 28362 | Elf:1    | Found Impitses's Armour Emporium.
 28411 | Elf:1    | Reached skill level 17 in Polearms
 28537 | Elf:1    | Noticed Frances
 28544 | Elf:1    | Killed Frances
 28865 | Elf:1    | Noticed Kirke
 28869 | Elf:1    | Killed Kirke
 29145 | Elf:2    | Found Tercho's Book Boutique.
 29151 | Elf:2    | Found Xopay's Book Shop.
 29232 | Elf:2    | Found a runed translucent gate.
 29233 | Elf:2    | Found a runed translucent gate.
 29233 | Elf:2    | Found a runed translucent gate.
 29607 | Elf:3    | Entered Level 3 of the Elven Halls
 29801 | Elf:3    | Found Dyosk's Jewellery Shop.
 30171 | Elf:3    | Noticed a Brimstone Fiend
 30173 | Elf:3    | Noticed a Brimstone Fiend
 30304 | Abyss:3  | Cast into level 3 of the Abyss (a deep elf sorcerer)
 30429 | Abyss:3  | Gained mutation: You are vulnerable to heat. (rF-) [a
                  | neqoxec]
 30464 | Abyss:3  | Reached XP level 19. HP: 146/146 MP: 26/26
 30523 | Abyss:3  | Reached skill level 18 in Polearms
 30585 | Abyss:3  | Noticed a bone dragon
 30600 | Abyss:3  | Killed a bone dragon
 30676 | Abyss:3  | Noticed a hellephant
 30676 | Abyss:3  | Noticed a hellephant
 30697 | Abyss:3  | Killed a hellephant
 30700 | Elf:3    | Escaped the Abyss
 30859 | Elf:3    | Lost mutation: You are vulnerable to heat. (rF-) [potion of
                  | mutation]
 30859 | Elf:3    | Gained mutation: Your mind is acute. (Int +4, Str/Dex -1)
                  | [potion of mutation]
 30859 | Elf:3    | Gained mutation: You have an increased reservoir of magic.
                  | (+10% MP) [potion of mutation]
 30859 | Elf:3    | Gained mutation: You have very sharp teeth. [potion of
                  | mutation]
 30881 | Elf:3    | Identified the ring "Eluj Guda" {rPois Int+3}
 30917 | Elf:3    | Noticed Bai Suzhen
 30927 | Elf:3    | Killed Bai Suzhen
 30991 | Elf:3    | Identified the +4 ring mail of Zoomat {Harm Dex+4}
 30997 | Elf:3    | Identified the amulet "Exeokete" {RegenMP Harm}
 31132 | Elf:3    | Identified the +10 morningstar of the Feather {speed,
                  | *Noise +Blink Int+6}
 31179 | Elf:3    | Reached skill level 19 in Polearms
 31601 | Vaults:1 | Entered Level 1 of the Vaults
 31653 | Vaults:1 | You are sucked into a shaft and drop 1 floor!
 31825 | Vaults:2 | Found a crumbling gateway.
 31833 | Desolati | Entered the Desolation of Salt
 32067 | Desolati | Identified the ring "Usulips" {rC+ MP+9}
 32087 | Desolati | Got Ibamoq's Almanac of Geometric Modification
 32124 | Desolati | Identified the amulet "Vuneprem" {Spirit rF+}
 32126 | Desolati | Identified the +8 halberd "Sownicwu" {heavy, rC+}
 32128 | Desolati | Got the Handbook of Creation and Venom
 32160 | Desolati | Got Kemmosta's Tome of Gusty Putrescence
 32161 | Desolati | Identified the +3 ring mail of Limif {Dex+4}
 32260 | Desolati | Found the +6 lightning scales {swift, rElec}
 32268 | Desolati | Gained mutation: You are completely covered in sharp
                  | spines. [demonic ancestry]
 32268 | Desolati | Reached XP level 20. HP: 144/155 MP: 30/30
 32272 | Desolati | Reached skill level 20 in Polearms
 32289 | Desolati | Identified the ring of the Modern Invaders {Will+ rCorr
                  | Str+3 Dex+4}
 32316 | Desolati | Identified the ring "Soprach" {rN+ Will- AC+4 Int+2}
 32587 | Vaults:2 | Identified the +0 buckler "Ecairym" {SInv}
 32904 | Vaults:2 | Found a staircase to the Crypt.
 33100 | Vaults:2 | Found Ochaeg's Assorted Antiques.
 33106 | Vaults:2 | Bought a scroll of blinking for 255 gold pieces
 33922 | Vaults:1 | Found a portal to a secret trove of treasure.
 34308 | Vaults:1 | Reached skill level 21 in Polearms
 34308 | Vaults:1 | Reached skill level 10 in Invocations
 34777 | Orc:2    | Bought a scroll of fear for 68 gold pieces
 34978 | Vaults:1 | You paid a toll of 7 scrolls of fear to enter a treasure
                  | trove
 34979 | Trove    | Entered a treasure trove
 34993 | Trove    | Identified the amulet of the Prince of Darkness {Reflect
                  | Fragile rF+ rN+ Str+3 SH+5}
 34995 | Trove    | Identified the amulet "Fimoocza" {Faith rElec rN+ Str-4
                  | Dex+2}
 34997 | Trove    | Identified the +2 pair of boots "Walott" {-Tele Int+3
                  | Dex+2}
 35004 | Trove    | Identified the amulet of Dishonesty {Faith +Inv rC- Dex+4
                  | Stlth+}
 35104 | Vaults:3 | Found Beanam's Armour Emporium.
 35707 | Vaults:3 | Paralysed by a great orb of eyes for 3 turns
 35775 | Vaults:3 | Noticed Zenata
 35797 | Vaults:3 | HP: 3/152 [+6 glaive of distortion[Zenata] (11)]
 35797 | Vaults:3 | Slain by a +6 glaive of distortion

Illustrated notes

Levels and vault maps discovered:
D:1:      minmay_arrival_solitary_statue, layout_rooms
D:2:      layout_loops_cross, serial_shops, nicolae_shop_crystal,
          minmay_lizard_pond
D:3:      layout_loops_ring, pf_just_have_faith,
          nicolae_uskayaw_murder_on_the_dancefloor, serial_shops, shop_statue
D:4:      layout_loops_ring, jmf_multi_god_temple, uniq_crazy_yiuf_cottage,
          uniq_robin, uniq_ijyb, uniq_duvessa
D:5:      layout_gridville, lemuel_doored_altar, cheibrodos_ashenzari_chains,
          old_standard_altar, mainiacjoe_overflow_24_doors,
          minmay_temple_entry_poolview
D:6:      layout_gridville, minitemple, general_overflow_altar,
          patterned_corridor
D:7:      layout_basic, amcnicky_altar_gilded, enter_bailey_3
D:8:      kennysheep_blocky_hall, layout_basic
D:9:      layout_loops_ring, serial_shops, nicolae_shop_stone
D:10:     layout_layer_cave, erik_lair_orcish_takeover
D:11:     layout_roguey
D:12:     layout_loops_ring, david_orc_4, gauntlet_entry_generic, uniq_sonja,
          uniq_azrael
D:13:     minmay_gate_of_8, layout_basic, uniq_nessos, uniq_maurice,
          uniq_erolcha
D:14:     layout_small_grid, david_vaults_5, skrybe_limestone_x
D:15:     hangedman_depths_entry_try_elsewhere_first, layout_loops_ring,
          serial_glass, glass_columns_a, glass_columns_c, glass_columns_b,
          glass_columns_a, serial_shops, nicolae_shop_behind_doors, uniq_louise,
          uniq_josephine, uniq_jorgrun
Temple:   hellmonk_temple_rainy
Lair:1:   layout_chaotic_city, ebering_ghost_reflecting_pool,
          infiniplex_staircase_pool, grunt_megastairs_1, uniq_urug, uniq_harold
Lair:2:   layout_chaotic_city, uniq_amaemon
Lair:3:   layout_hall_layers, nicolae_swamp_entry_splash_gauntlet,
          dummy_snake_entry, chequers_serial_rivers_micro_c,
          chequers_serial_rivers_micro_a, chequers_serial_rivers_micro_b,
          serial_bayou_pond_c, nicolae_lair_lakeside_cave
Lair:4:   layout_gridlike, slime_entry_1, amcnicky_mini_pool_medium,
          grunt_megastairs_2
Lair:5:   grunt_lair_end_beastmaster, layout_loops_ring, basic_altar,
          serial_bayou_pond_d
Swamp:1:  nicolae_swamp_standing_stones, layout_basic_swamp,
          hangedman_swamp_lotus
Swamp:2:  layout_basic_swamp, hangedman_swamp_ruin_wall, swamp_pool1
Swamp:3:  layout_falls_marsh, evilmike_swamp_ruin_house_6, swamp_pool1,
          nicolae_swamp_fairy_circle
Swamp:4:  swamp_pestilence, layout_basic_swamp, uniq_nikola
Snake:1:  layout_gridlike, ebering_ghost_gozag, serial_bayou_ford_a,
          minmay_shop_grove, serial_bayou_shore_b, serial_bayou_shore_a
Snake:2:  layout_honeycomb, serial_shops, nicolae_shop_crystal, basic_altar
Snake:3:  layout_misc_corridors, st_stairs_2
Snake:4:  minmay_snake_end_coiled, layout_cave_town, serial_bayou_shore_b
Orc:1:    layout_diamond_mine, special_room [special_room_bee],
          lemuel_statue_altar
Orc:2:    st_orc_town, layout_caves
Elf:1:    minmay_elf_arrival_plus, layout_geoelf_diagonals, serial_shops, shop,
          hangedman_elven_crosses_minicolossus, uniq_kirke, uniq_frances
Elf:2:    nicolae_elf_blades_crystal_corner, layout_onion_city, minmay_shoptagon
Elf:3:    grunt_elf_hall_asides, layout_onion_city, serial_shops, shop,
          uniq_bai_suzhen
Vaults:1: infiniplex_enter_wizlab_water, nicolae_vaults_big_ls, v_rooms_1,
          dpeg_vaults_monster_row, ontoclasm_vaults_bender,
          ontoclasm_vaults_eye, v_misc_18, dpeg_vaults_hating_casters,
          layout_vaults_chaotic_city, enter_trove_6
Vaults:2: portal_desolation_entry_garden, nicolae_vaults_yaktaur_gun_rack,
          vaults_standard_mumra_enter_the_diamond, hangedman_vaults_pinch,
          v_misc_10, nicolae_vaults_network_periphery,
          nicolae_vaults_network_barrier, minmay_crypt_entry_simple_corners,
          nicolae_vaults_shelves_hall, v_misc_15, layout_vaults_omnibox,
          serial_shops, shop
Vaults:3: nicolae_vaults_octagons, vaults_mumra_hexcomb,
          ontoclasm_vaults_ring_large, nicolae_vaults_angled_halls,
          ontoclasm_vaults_ring_small, hangedman_vaults_stream,
          nicolae_vaults_sealed_display, ontoclasm_vaults_decontamination,
          vaults_standard_mumra_lines, v_pattern_4, layout_vaults_omnigrid,
          serial_shops, shop, uniq_zenata

Skill      XL: |  1  2  3  4  5  6  7  8  9 10 11 12 13 14 15 16 17 18 19 20 |
---------------+-------------------------------------------------------------+-----
Axes           | 2 3 |  3.9
Armour         | 3 4 5 6 7 8 9 10 | 10.7
Shields        | 3 4 5 7 8 9 11 12 14 15 16 | 16.0
Dodging        | 1 3 4 5 7 8 9 10 11 12 | 12.9
Stealth        | 1 2 4 6 7 8 9 10 11 12 13 | 13.3
Polearms       | 1 3 4 6 7 8 10 11 12 13 15 17 19 21 | 21.3
Fighting       | 4 5 6 7 8 9 10 11 12 13 | 13.3
Invocations    | 2 3 6 7 8 9 10 | 10.1

Action                   |  1- 3 |  4- 6 |  7- 9 | 10-12 | 13-15 | 16-18 | 19-21 || total
-------------------------+-------+-------+-------+-------+-------+-------+-------++-------
Melee: War axe           |    75 |    51 |       |       |       |       |       ||   126
       Headbutt          |    14 |    21 |    34 |    87 |   282 |   212 |   163 ||   813
       Spear             |       |    63 |   244 |   389 |   957 |   202 |       ||  1855
       Scythe            |       |       |       |       |       |   603 |   617 ||  1220
       Bite              |       |       |       |       |       |       |    91 ||    91
Invok: Bend Time         |       |       |     2 |       |     1 |       |       ||     3
       Slouch            |       |       |       |     4 |    20 |    16 |     5 ||    45
       Temporal Distorti |       |       |       |       |     2 |       |     1 ||     3
  Use: Scroll            |     2 |    13 |     7 |     2 |     7 |     5 |       ||    36
       Potion            |       |       |     1 |     1 |     2 |     2 |     3 ||     9
 Stab: Sleeping          |       |     3 |     2 |    21 |    20 |    53 |    35 ||   134
       Distracted        |       |       |       |     4 |     3 |     8 |     7 ||    22
       Petrified         |       |       |       |       |     4 |       |       ||     4
Armor: Scale mail        |    34 |       |       |       |       |       |       ||    34
       Ring mail         |     6 |    39 |   139 |    95 |   231 |   355 |   217 ||  1082
Dodge: Dodged            |    36 |    49 |   193 |   219 |   520 |  1425 |   922 ||  3364
       Repelled          |       |       |       |     5 |     6 |    42 |    12 ||    65
Block: Buckler           |    21 |    81 |   228 |   224 |   201 |       |       ||   755
       Tower shield      |       |       |       |       |  1038 |   308 |       ||  1346
       Other             |       |       |       |       |       |   149 |   145 ||   294
       Reflection        |       |       |       |       |       |       |     2 ||     2

Table legend: (Time is in decaauts)
 A = Elapsed time spent in this place.
 B = Non-inter-level travel time spent in this place.
 C = Inter-level travel time spent in this place.
 D = Time resting spent in this place.
 E = Time spent auto-exploring this place.
 F = Levels seen in this place.
 G = Mean time per level.
                   A        B        C        D        E       F      G
               +--------+--------+--------+--------+--------+-----+--------+
         Total |  56769 |  51743 |   5026 |   3521 |  35890 |  42 | 1351.6 |
       Dungeon |  19011 |  16994 |   2017 |   1486 |  12374 |  15 | 1267.4 |
        Temple |     27 |     12 |     15 |      0 |      1 |   1 |   27.0 |
          Lair |   9289 |   8424 |    865 |    873 |   6054 |   5 | 1857.8 |
         Swamp |   4433 |   4191 |    242 |    147 |   2699 |   4 | 1108.2 |
     Snake Pit |   6589 |   6209 |    380 |    132 |   4461 |   4 | 1647.2 |
  Orcish Mines |   3133 |   2380 |    753 |    133 |   1673 |   2 | 1566.5 |
   Elven Halls |   5299 |   5011 |    288 |    268 |   3508 |   3 | 1766.3 |
        Vaults |   5673 |   5210 |    463 |    108 |   4167 |   3 | 1891.0 |
         Abyss |    638 |    638 |      0 |      0 |    344 |   1 |  638.0 |
         Trove |     73 |     73 |      0 |      0 |      0 |   1 |   73.0 |
        Bailey |   1281 |   1281 |      0 |    208 |    550 |   1 | 1281.0 |
    Desolation |    844 |    844 |      0 |     83 |      0 |   1 |  844.0 |
      Gauntlet |    474 |    474 |      0 |     82 |     55 |   1 |  474.0 |
               +--------+--------+--------+--------+--------+-----+--------+

Top non-repeatable levels by time:
Vaults:1: 2656 daAuts
    D:10: 2412 daAuts
   Elf:3: 2363 daAuts
  Lair:3: 2221 daAuts
    D:12: 1993 daAuts
   Orc:2: 1983 daAuts
  Lair:5: 1959 daAuts
Vaults:2: 1935 daAuts
   Elf:1: 1879 daAuts
  Lair:2: 1868 daAuts
  Lair:1: 1832 daAuts
 Snake:4: 1817 daAuts
 Snake:1: 1740 daAuts
 Snake:2: 1673 daAuts
     D:6: 1488 daAuts
